 Dungeon Crawl Stone Soup version 0.31-a0-222-gefeffbb (webtiles) character file.

Game seed: 6390993455135699458

7 moulei the Vexing (level 2, -2/16 HPs)
             Began as a Kobold Hexslinger on July 4, 2023.
             Slain by a quokka (4 damage)
             ... on level 1 of the Dungeon.
             The game lasted 00:10:20 (220 turns).

moulei the Vexing (Kobold Hexslinger)                Turns: 220, Time: 00:10:27

Health: -2/16      AC:  6    Str:  5    XL:     2   Next: 5%
Magic:  3/3        EV:  8    Int: 14    God:
Gold:   6          SH:  0    Dex: 17    Spells: 2/3 levels left

rFire   . . .        a - +1 sling (flame)
rCold   . . .        (no shield)
rNeg    . . .        d - +0 scale mail
rPois   .            (no helmet)
rElec   .            (no cloak)
rCorr   .            (no gloves)
SInv    .            (no boots)
Will    .....        (no amulet)
Stlth   +            (no ring)
HPRegen 0.22/turn    (no ring)
MPRegen 0.08/turn

%: no passive effects
@: no status effects
A: small, no large weapons, nightstalker 3
a: no special abilities


You were on level 1 of the Dungeon.
You visited 1 branch of the dungeon, and saw 1 of its levels.

You collected 6 gold pieces.

Inventory:

Hand Weapons
 a - a +1 sling of flaming (weapon)
 g - a +0 spear
 h - a +0 dagger
Armour
 c - a +0 robe
 d - a +0 scale mail (worn)


   Skills:
 + Level 1.2 Fighting
 + Level 3.1 Ranged Weapons
 + Level 2.4 Dodging
 + Level 1.1 Spellcasting
 + Level 3.2 Hexes


You had 2 spell levels left.
You knew the following spells:

 Your Spells              Type           Power      Damage    Failure   Level
a - Slow                  Hex            36%        N/A       88%         1

Your spell library contained the following spells:

 Spells                   Type           Power      Damage    Failure   Level
 Inner Flame              Hex/Fire       5%         N/A       100%        3
 Portal Projectile        Hex/Tloc       10%        N/A       100%        3
 Cause Fear               Hex            4%         N/A       100%        4


Dungeon Overview and Level Annotations

Branches:
Dungeon (1/15)

Altars:

Shops:
D:1 [


Innate Abilities, Weirdness & Mutations

You are small and have problems with some larger weapons.
You are completely attuned to the shadows.


Message History

You shoot a sling bullet.
The sling bullet barely misses the quokka.
The quokka closely misses you.
The quokka bites you but does no damage.
You shoot a sling bullet.
The sling bullet hits the quokka but does no damage.
The quokka is severely wounded.
The quokka bites you. x2
You shoot a sling bullet.
The sling bullet barely misses the quokka.
The quokka bites you. x2
* * * LOW HITPOINT WARNING * * *
The quokka bites you.
* * * LOW HITPOINT WARNING * * *
The quokka attacks as you move away!
The quokka bites you but does no damage.
As you read the scroll labelled GARHYEWEAJ, it crumbles to dust.
It is a scroll of brand weapon.
Your +1 sling is engulfed in flames!
a - a +1 sling of flaming (weapon)
The quokka closely misses you.
You are too injured to fight recklessly!
It was a potion of magic.
Magic courses through your body.
The quokka bites you but does no damage.
Casting: Slow (safe; 88% risk of failure)
Confirm with . or Enter, or press ? or * to list all spells.
Okay, then.
The quokka closely misses you.
You are too injured to fight recklessly!
The air fills with toxic fumes!
As you read the scroll of poison, it crumbles to dust.
The quokka bites you.
* * * LOW HITPOINT WARNING * * *
You shoot a sling bullet.
The sling bullet barely misses the quokka.
The sling bullet hits the kobold.
The sling bullet burns the kobold.
The kobold is heavily wounded.
The quokka bites you but does no damage.
The quokka bites you.
You die...

#.....# #.....# ##### #.....
#... #...§######§####
....§§Kr@§§§§...
#.##§######§####
...######†.### #
.#####...#....# #########.
#...#..#.# ..........
####...#..#.#.# ..........
#......#..#.#.# ..........
#......#..#.....##
..........##......#....###...


You could see a quokka and a kobold.

Vanquished Creatures
  A giant cockroach (D:1)
  A goblin (D:1)
  3 ball pythons (D:1)
  A bat (D:1)
  A rat (D:1)
7 creatures vanquished.

Notes
Turn   | Place    | Note
-------+----------+-------------------------------------------
     0 | D:1      | moulei the Kobold Hexslinger began the quest for the Orb.
     0 | D:1      | Reached XP level 1. HP: 12/12 MP: 2/2
   116 | D:1      | Found Nutuof's Armour Shoppe.
   198 | D:1      | Reached XP level 2. HP: 16/16 MP: 3/3
   220 | D:1      | Slain by a quokka

Illustrated notes

Levels and vault maps discovered:
D:1:      minmay_arrival_jagged, layout_basic, serial_shops, shop,
          minmay_tetromino_t4

Skill      XL: |  1 |
---------------+----+-----
Ranged Weapons | 3 |  3.1
Fighting       | |  1.2
Dodging        | |  2.4
Spellcasting   | |  1.1
Hexes          | |  3.2

Action                     || total
---------------------------++-------
   Fire: Sling             ||    34
    Use: Scroll            ||     2
         Potion            ||     1
 Armour: Scale mail        ||    14
         Robe              ||     6
  Dodge: Dodged            ||    28

Table legend: (Time is in decaauts)
 A = Elapsed time spent in this place.
 B = Non-inter-level travel time spent in this place.
 C = Inter-level travel time spent in this place.
 D = Time resting spent in this place.
 E = Time spent auto-exploring this place.
 F = Levels seen in this place.
 G = Mean time per level.
                   A        B        C        D        E       F      G
               +--------+--------+--------+--------+--------+-----+--------+
         Total |    240 |    238 |      2 |      0 |      0 |   1 |  240.0 |
       Dungeon |    240 |    238 |      2 |      0 |      0 |   1 |  240.0 |
               +--------+--------+--------+--------+--------+-----+--------+

Top non-repeatable levels by time:
     D:1: 240 daAuts
